 Dungeon Crawl Stone Soup version 0.31.0-12-g77e489cdc1 (webtiles) character file.

Game seed: 18112143193966303338

76 ChrisAssaf the Skirmisher (level 4, -3/38 HPs)
             Began as a Gnoll Hunter on Feb 13, 2024.
             Killed from afar by an orc wizard (4 damage)
             ... with a magic dart
             ... on level 4 of the Dungeon.
             The game lasted 00:03:41 (709 turns).

ChrisAssaf the Skirmisher (Gnoll Hunter)             Turns: 709, Time: 00:03:41

Health: -3/38      AC:  3    Str: 10    XL:     4   Next: 32%
Magic:  5/5        EV: 13    Int: 11    God:
Gold:   38         SH:  0    Dex: 15    Spells: 5/5 levels left

rFire   . . .        f - +0 halberd
rCold   . . .        (shield currently unavailable)
rNeg    . . .        c - +0 leather armour
rPois   .            (no helmet)
rElec   .            (no cloak)
rCorr   .            (no gloves)
SInv    .            (no boots)
Will    .....        (no amulet)
Stlth   +            (no ring)
HPRegen 0.26/turn    (no ring)
MPRegen 0.09/turn

%: no passive effects
@: confused
A: fangs 1, strong nose, distributed training
a: no special abilities


You were on level 4 of the Dungeon.
You visited 1 branch of the dungeon, and saw 4 of its levels.

You collected 38 gold pieces.

Inventory:

Hand Weapons
 a - a +0 shortbow
 f - a +0 halberd (weapon)
Armour
 c - a +0 leather armour (worn)
Potions
 e - a potion of heal wounds


   Skills:
 + Level 4.6 Fighting
 + Level 1.1 Short Blades
 + Level 1.1 Long Blades
 + Level 1.1 Axes
 + Level 1.1 Maces & Flails
 + Level 1.1 Polearms
 + Level 1.1 Staves
 + Level 8.5 Ranged Weapons
 + Level 1.1 Throwing
 + Level 1.1 Armour
 + Level 4.6 Dodging
 + Level 2.5 Stealth
 + Level 1.1 Shields
 + Level 1.1 Unarmed Combat
 + Level 1.1 Spellcasting
 + Level 0.9 Conjurations
 + Level 0.9 Hexes
 + Level 0.9 Summonings
 + Level 0.9 Necromancy
 + Level 0.9 Translocations
 + Level 0.9 Fire Magic
 + Level 0.9 Ice Magic
 + Level 0.9 Air Magic
 + Level 0.9 Earth Magic
 + Level 0.9 Alchemy
 + Level 1.2 Invocations
 + Level 1.1 Evocations
 + Level 1.0 Shapeshifting


You had 5 spell levels left.
You didn't know any spells.
Your spell library was empty.

Dungeon Overview and Level Annotations

Branches:
Dungeon (4/15)
 Temple: D:4-7

Altars:
Ashenzari
Makhleb


Innate Abilities, Weirdness & Mutations

You have very sharp teeth.
Your uncanny sense of smell can sniff out nearby items.
Your experience applies equally to all skills.


Message History

You hear some strange, mumbled words.
You are confused.
Okay, then.
Unknown command.
Okay, then.
Something completely misses your butterfly.
Something closely misses your butterfly.
Something completely misses your butterfly.
Something hits you. Something hits your butterfly.
Your butterfly dies!
Your butterfly disappears in a burst of colours!
Something hits you but does no damage.
Okay, then.
Okay, then.
You bump into the rock wall.
Something barely misses your butterfly. Something hits you but does no damage.
Something completely misses your butterfly.
You miss something. Something misses your butterfly. Something hits you.
* * * LOW HITPOINT WARNING * * *
Something misses your butterfly.
Unknown command.
You miss your butterfly.
Your butterfly disappears in a burst of colours!
Something hits you.
* * * LOW HITPOINT WARNING * * *
Something hits you.
* * * LOW HITPOINT WARNING * * *
Something closely misses your butterfly.
The orc wizard hits you with a +0 dagger.
* * * LOW HITPOINT WARNING * * *
Your butterfly appears confused.
You hear some strange, mumbled words.
A magic dart appears from out of thin air!
The magic dart hits you.
* * * LOW HITPOINT WARNING * * *
You hear some strange, mumbled words.
A magic dart appears from out of thin air!
The magic dart hits you.
You die...

### #### .#.# ###
#.. !.. ..####..
... .. >...##.# #<#
#.###.......
#b#####..##.#.##.#
#.#.b....##.#.##..
#...###..##...>.>.
##{o.#.#...#.#.###.
#.@###.###...#.##.#
##{#b.:..#o###.###.
#bb###.###.# #.# ##
#.b..#.'...# #.# #
#b{b.###..## #.#
#.###.#.....##
#.####
#.....bb.....
......
#####......###.
##.###
##########.###.#


You could see an orc wizard.

Vanquished Creatures
  An adder (D:2)
  4 gnolls
  A dart slug (D:1)
  A ribbon worm (D:4)
  4 orcs (D:4)
  An endoplasm (D:4)
  3 kobolds (D:1)
  3 ball pythons (D:1)
  2 bats (D:1)
  2 frilled lizards (D:1)
  2 rats
24 creatures vanquished.

Notes
Turn   | Place    | Note
-------+----------+-------------------------------------------
     0 | D:1      | ChrisAssaf the Gnoll Hunter began the quest for the Orb.
     0 | D:1      | Reached XP level 1. HP: 20/20 MP: 1/1
   106 | D:1      | Reached XP level 2. HP: 25/26 MP: 2/2
   307 | D:2      | Reached XP level 3. HP: 31/31 MP: 3/3
   373 | D:3      | Noticed a gnoll sergeant
   377 | D:3      | Reached skill level 1 in Invocations
   409 | D:2      | You fall into a shaft and drop 2 floors!
   490 | D:4      | Reached skill level 1 in Short Blades
   490 | D:4      | Reached skill level 1 in Long Blades
   490 | D:4      | Reached skill level 1 in Axes
   490 | D:4      | Reached skill level 1 in Maces & Flails
   490 | D:4      | Reached skill level 1 in Polearms
   490 | D:4      | Reached skill level 1 in Staves
   490 | D:4      | Reached skill level 1 in Throwing
   490 | D:4      | Reached skill level 1 in Armour
   490 | D:4      | Reached skill level 1 in Shields
   490 | D:4      | Reached skill level 1 in Unarmed Combat
   490 | D:4      | Reached skill level 1 in Spellcasting
   490 | D:4      | Reached skill level 1 in Evocations
   533 | D:3      | Found a broken altar of Ashenzari.
   533 | D:3      | Found a burning altar of Makhleb.
   608 | D:4      | Reached skill level 1 in Shapeshifting
   608 | D:4      | Reached XP level 4. HP: 30/38 MP: 5/5
   709 | D:4      | HP: 1/38 [something/magic dart (6)]
   709 | D:4      | Killed from afar by an orc wizard

Illustrated notes

Levels and vault maps discovered:
D:1:      lemuel_arrival_tunnels, layout_rooms, grunt_decor_cap
D:2:      layout_basic, minmay_pentomino_u2
D:3:      layout_basic, nicolae_overflow_hidden_temple, ebering_ghost_gozag,
          kennysheep_generic_room_13, uniq_terence
D:4:      layout_loops_ring, serial_park_tiny_2,
          minmay_a_box_with_orc_wizards_in_it, uniq_pikel

Skill      XL: |  1  2  3 |
---------------+----------+-----
Invocations    | 1 |  1.2
Short Blades   | 1 |  1.1
Long Blades    | 1 |  1.1
Axes           | 1 |  1.1
Maces & Flails | 1 |  1.1
Polearms       | 1 |  1.1
Staves         | 1 |  1.1
Throwing       | 1 |  1.1
Armour         | 1 |  1.1
Shields        | 1 |  1.1
Unarmed Combat | 1 |  1.1
Spellcasting   | 1 |  1.1
Evocations     | 1 |  1.1
Shapeshifting  | 1 |  1.0
Fighting       | |  4.6
Ranged Weapons | |  8.5
Dodging        | |  4.6
Stealth        | |  2.5
Conjurations   | |  0.9
Hexes          | |  0.9
Summonings     | |  0.9
Necromancy     | |  0.9
Translocations | |  0.9
Fire Magic     | |  0.9
Ice Magic      | |  0.9
Air Magic      | |  0.9
Earth Magic    | |  0.9
Alchemy        | |  0.9

Action                     |  1- 3 |  4- 6 || total
---------------------------+-------+-------++-------
  Melee: Halberd           |       |    10 ||    10
         Bite              |       |     3 ||     3
   Fire: Shortbow          |    75 |     8 ||    83
    Use: Scroll            |     2 |     1 ||     3
         Potion            |       |     1 ||     1
 Armour: Leather armour    |    20 |    23 ||    43
  Dodge: Dodged            |    28 |     3 ||    31
